 Dungeon Crawl Stone Soup version 0.31-a0-981-geadf994542 (webtiles) character file.

Game seed: 9785723802657983232

396 Whiskey the Changeling (level 6, 0/43 HPs)
             Began as an Octopode Shapeshifter on Nov 2, 2023.
             Was an Initiate of Gozag.
             Slain by an ogre
             ... wielding a +0 giant club
              (8 damage)
             ... on level 4 of the Dungeon.
             The game lasted 00:06:31 (2843 turns).

Whiskey the Changeling (Octopode Shapeshifter)      Turns: 2843, Time: 00:06:31

Health: 0/43       AC:  1    Str: 16    XL:     6   Next: 83%
Magic:  6/6        EV: 13    Int: 12    God:    Gozag
Gold:   27         SH:  0    Dex: 11    Spells: 5/5 levels left

rFire   . . .        t - +1 dagger (elec)
rCold   . . .        (no shield)
rNeg    + . .        (helmet currently unavailable)
rPois   +            (no amulet)
rElec   .            n - ring of poison resistance {rPois, !d}
rCorr   .            r - ring of positive energy {rN+}
SInv    .            (no ring)
Will    .....        (no ring)
Stlth   ++           (no ring)
HPRegen 0.27/turn    (no ring)
MPRegen 0.10/turn    (no ring)
                     (no ring)

%: no passive effects
@: beast-form
A: beast (slay +3), almost no armour, amphibious, 8 rings, camouflage 1,
gelatinous body 1, (nimble swimmer 1), tentacles
a: Begin Untransformation, Renounce Religion, Potion Petition, Call Merchant,
Bribe Branch


You were on level 4 of the Dungeon.
You worshipped Gozag.
Gozag was noncommittal.
You were a hulking beast.
You visited 2 branches of the dungeon, and saw 5 of its levels.

You collected 246 gold pieces.
You paid 219 gold pieces to Gozag.

Inventory:

Hand Weapons
 p - a +2 quarterstaff of chaos
   (You took it off Crazy Yiuf on level 2 of the Dungeon)
 t - a +1 dagger of electrocution (weapon)
   (You took it off a goblin on level 3 of the Dungeon)
Missiles
 h - 6 poisoned darts
Jewellery
 n - a ring of poison resistance (left tentacle) {rPois, !d}
   (You found it on level 2 of the Dungeon)
 r - a ring of positive energy (right tentacle) {rN+}
   (You found it on level 3 of the Dungeon)
Talismans
 b - a beast talisman
 c - a flux talisman
Scrolls
 d - 4 scrolls of identify {unknown}
 e - a scroll of vulnerability {unknown}
 g - 2 scrolls of blinking {unknown}
 j - a scroll of poison {unknown}
 k - a scroll of immolation {unknown}
 o - a scroll of enchant weapon {unknown}
 s - a scroll of silence {unknown}
 v - a scroll of teleportation {unknown}
 w - a scroll of amnesia {unknown}
Potions
 a - a potion of lignification {!q}
 f - a potion of might {unknown}
 i - 2 potions of curing
 l - a potion of ambrosia {unknown}
 m - a potion of degeneration {unknown}
 q - 2 potions of enlightenment {unknown}
 u - a potion of brilliance {unknown}


   Skills:
 + Level 3.9 Fighting
 + Level 2.0 Dodging
 * Level 0.0 Stealth
 - Level 3.0 Unarmed Combat
 * Level 5.8 Shapeshifting


You had 5 spell levels left.
You didn't know any spells.
Your spell library contained the following spells:

 Spells                   Type           Power      Damage    Failure   Level
 Apportation              Tloc           0%         N/A       32%         1
 Slow                     Hex            0%         N/A       32%         1
 Ensorcelled Hibernation  Hex/Ice        0%         N/A       45%         2
 Jinxbite                 Hex            0%         N/A       45%         2
 Scorch                   Fire           0%         2d5       45%         2
 Confusing Touch          Hex            0%         N/A       69%         3
 Sigil of Binding         Hex            0%         N/A       69%         3
 Vampiric Draining        Necr           0%         2d6       69%         3
 Anguish                  Hex/Necr       0%         N/A       97%         4
 Flame Wave               Conj/Fire      0%         2d4       97%         4
 Alistair's Intoxication  Tmut/Pois      0%         N/A       100%        5
 Summon Cactus Giant      Summ           0%         N/A       100%        6


Dungeon Overview and Level Annotations

Branches:
Dungeon (4/15)             Temple (1/1) D:4

Altars:
Ashenzari
Cheibriados
Dithmenos
Fedhas
Gozag
Hepliaklqana
Kikubaaqudgha
Makhleb
Nemelex Xobeh
Okawaru
Qazlal
Ru
Trog
Uskayaw
Vehumet
Wu Jian
Xom
Yredelemnul
Zin
The Shining One

Annotations:
D:4 2 runed translucent doors


Innate Abilities, Weirdness & Mutations

You are a hulking beast.
Your limbs bulge with bestial killing power. (Slay +3)
You cannot wear most types of armour.
You are amphibious.
You can wear up to eight rings at the same time.
Your skin changes colour to match your surroundings (Stealth+).
Your rubbery body absorbs attacks. (AC +1, EV +1)
((You are camouflaged when in or above water. (Stealth+)))
You have tentacles for arms and can constrict up to eight enemies at once.


Message History

You closely miss the scorpion. Your grab misses the scorpion.
You squeeze the scorpion. The scorpion barely misses you.
You barely miss the scorpion. You grab the scorpion. You squeeze the scorpion.
You constrict the scorpion, but do no damage.
The scorpion stings you but does no damage. x2
You hit the scorpion but do no damage. Lightning courses through the scorpion!
You kill the scorpion!
No target in view!
No target in view!
No target in view!
No target in view!
No target in view!
No target in view!
No target in view!
No target in view!
No target in view!
No target in view!
No target in view!
No target in view!
No target in view!
No target in view!
No target in view!
No target in view!
No target in view!
No target in view!
No target in view!
No target in view!
You now have 188 gold pieces (gained 14).
Health restored: 43 You now have 206 gold pieces (gained 18).
Found a large runed translucent door.
You now have 216 gold pieces (gained 10).
You now have 230 gold pieces (gained 14).
There is a staircase to the Ecumenical Temple here.
You climb downwards.
Welcome back to the Ecumenical Temple!
There is a staircase back to the Dungeon here.
There is a shimmering altar of Xom here.
There is an opulent altar of Gozag here.
You curl up in front of the altar of Gozag.
Gozag welcomes you!
You pay a service fee of 219 gold.
There is a staircase back to the Dungeon here.
You climb upwards.
Welcome back to the Dungeon!
Level annotation: 2 runed translucent doors
There is a staircase to the Ecumenical Temple here.
Found a radiant altar of Vehumet.
Found a stone staircase leading up.
Found a stone staircase leading up.
Found a sacrificial altar of Ru.
Found a burning altar of Makhleb.
There is a stone staircase leading up here.
You now have 19 gold pieces (gained 8).
i - 3 fuming puce potions (gained 1)
A ball python comes into view.
The ball python hisses angrily.
A ball python is nearby!
You hit the ball python.
You kill the ball python!
No target in view!
No target in view!
No target in view!
No target in view!
No target in view!
No target in view!
No target in view!
No target in view!
No target in view!
No target in view!
You now have 27 gold pieces (gained 8).
An ogre comes into view. It is wielding a +0 giant club.
An ogre is nearby!
The ogre shouts!
You hear a bark!
A hound comes into view.
The ogre barely misses you.
You hit the ogre. You closely miss the ogre. Your squeeze misses the ogre.
The ogre barely misses you.
You hit the ogre. Lightning courses through the ogre! You squeeze the ogre.
The ogre hits you with a +0 giant club!!
You take 18 damage, and have 25/43 hp.
MASSIVE DAMAGE!!
You hit the ogre. The hound barely misses you.
You hit the ogre but do no damage. The hound bites you but does no damage.
The ogre hits you with a +0 giant club!!
Ouch! That really hurt!
* * * LOW HITPOINT WARNING * * *
You are too injured to fight recklessly!
You are too injured to fight recklessly!
You are too injured to fight recklessly!
You take 23 damage, and have 2/43 hp.
MASSIVE DAMAGE!!
You are too injured to fight recklessly!
You are too injured to fight recklessly!
You are too injured to fight recklessly!
You are too injured to fight recklessly!
You are too injured to fight recklessly!
You are too injured to fight recklessly!
There are monsters nearby!
It was a potion of curing.
You feel better. The hound bites you but does no damage.
The hound closely misses you. The ogre hits you with a +0 giant club!
You die...
Your body crumbles into a pile of gold.

..#............##
...........#...#####
#........#.#.......#
#..............#..#.#
#.###..........#.##
+.#......<........#
#...[.......!....###
#.............##...##
#.###.........##hh..#
..##.....##....#O...#
........................
...................###..
.....##..#.......... .
#....##.##...##....$.
##...........##..#####
####.##.........## (|8
.##.............#


You could see an ogre and a hound.

Vanquished Creatures
  Grinder (D:3)
  A scorpion (D:4)
  Crazy Yiuf (D:2)
  Natasha (D:2)
  4 adders
  7 dart slugs
  3 ball pythons
  4 bats
  An endoplasm (D:1)
  2 giant cockroaches
  4 goblins
  2 hobgoblins (D:1)
  4 jackals (D:1)
  3 kobolds (D:1)
  6 quokkas
  A frilled lizard (D:1)
  13 rats
58 creatures vanquished.

Notes
Turn   | Place    | Note
-------+----------+-------------------------------------------
     0 | D:1      | Whiskey the Octopode Shapeshifter began the quest for the
                  | Orb.
     0 | D:1      | Reached XP level 1. HP: 13/13 MP: 1/1
    95 | D:1      | Reached XP level 2. HP: 16/18 MP: 2/2
   419 | D:1      | Reached XP level 3. HP: 24/24 MP: 3/3
   464 | D:1      | Reached skill level 2 in Fighting
   745 | D:2      | Reached skill level 4 in Shapeshifting
   914 | D:2      | Reached XP level 4. HP: 27/29 MP: 4/4
  1007 | D:2      | Found a runed translucent door.
  1008 | D:2      | Noticed Crazy Yiuf
  1063 | D:2      | Noticed Natasha
  1068 | D:2      | Killed Natasha
  1271 | D:2      | Killed Crazy Yiuf
  1272 | D:2      | Reached XP level 5. HP: 12/35 MP: 5/5
  1944 | D:3      | Noticed Grinder
  1952 | D:3      | HP: 7/36 [Grinder (6)]
  1953 | D:3      | Killed Grinder
  1954 | D:3      | Reached skill level 3 in Fighting
  1954 | D:3      | Reached skill level 5 in Shapeshifting
  1954 | D:3      | Reached XP level 6. HP: 7/43 MP: 6/6
  2240 | D:3      | Found a hazy altar of Hepliaklqana.
  2585 | D:4      | Found a staircase to the Ecumenical Temple.
  2592 | Temple   | Entered the Ecumenical Temple
  2677 | D:4      | Found a large runed translucent door.
  2679 | D:4      | Found a large runed translucent door.
  2718 | Temple   | Became a worshipper of Gozag Ym Sagoz the Greedy
  2768 | D:4      | Found a radiant altar of Vehumet.
  2779 | D:4      | Found a sacrificial altar of Ru.
  2780 | D:4      | Found a burning altar of Makhleb.
  2842 | D:4      | HP: 2/43 [ogre/+0 giant club (24)]
  2843 | D:4      | Slain by an ogre

Illustrated notes

Levels and vault maps discovered:
D:1:      saegor_arrival_simple_d, layout_rooms, interstate_on_off,
          st_stairs_11, minivault_4
D:2:      layout_rooms, serial_aquarium, aquarium_bridge_square
          [aquarium_subvault_wall, aquarium_subvault_bridge,
          aquarium_subvault_balcony, aquarium_subvault_bridge],
          aquarium_window_corridor_2, aquarium_window_1, aquarium_window_fake,
          aquarium_view_2b, aquarium_view_2g, uniq_natasha,
          uniq_crazy_yiuf_cottage
D:3:      layout_loops_corners, mainiacjoe_overflow_alcove_2,
          minmay_tree_intersection, uniq_grinder
D:4:      minmay_polygon_palace, layout_cave_pools,
          gammafunk_temple_overflow_forgotten,
          minmay_temple_entry_statues_pillars, minmay_hollow_rounded_squares
Temple:   regret_index_temple_sphere_string

Skill      XL: |  1  2  3  4  5 |
---------------+----------------+-----
Fighting       | 2 3 |  3.9
Shapeshifting  | 4 5 |  5.8
Dodging        | |  2.0
Unarmed Combat | |  3.0

Action                     |  1- 3 |  4- 6 || total
---------------------------+-------+-------++-------
  Melee: Unarmed           |    63 |    14 ||    77
         Constrict         |    17 |     8 ||    25
         Tentacles         |    11 |     8 ||    19
         Punch             |     1 |       ||     1
         Dagger            |       |    26 ||    26
    Use: Potion            |       |     1 ||     1
   Stab: Sleeping          |     8 |     1 ||     9
 Armour: Skin              |    18 |    21 ||    39
  Dodge: Dodged            |    22 |    17 ||    39

Table legend: (Time is in decaauts)
 A = Elapsed time spent in this place.
 B = Non-inter-level travel time spent in this place.
 C = Inter-level travel time spent in this place.
 D = Time resting spent in this place.
 E = Time spent auto-exploring this place.
 F = Levels seen in this place.
 G = Mean time per level.
                   A        B        C        D        E       F      G
               +--------+--------+--------+--------+--------+-----+--------+
         Total |   2837 |   2651 |    186 |    218 |   1993 |   5 |  567.4 |
       Dungeon |   2748 |   2625 |    123 |    218 |   1993 |   4 |  687.0 |
        Temple |     89 |     26 |     63 |      0 |      0 |   1 |   89.0 |
               +--------+--------+--------+--------+--------+-----+--------+

Top non-repeatable levels by time:
     D:3: 1158 daAuts
     D:2: 772 daAuts
     D:1: 632 daAuts
     D:4: 184 daAuts
  Temple: 89 daAuts

Levels and vault maps discovered:
D:1:      saegor_arrival_simple_d, layout_rooms, interstate_on_off,
          st_stairs_11, minivault_4
D:2:      layout_rooms, serial_aquarium, aquarium_bridge_square
          [aquarium_subvault_wall, aquarium_subvault_bridge,
          aquarium_subvault_balcony, aquarium_subvault_bridge],
          aquarium_window_corridor_2, aquarium_window_1, aquarium_window_fake,
          aquarium_view_2b, aquarium_view_2g, uniq_natasha,
          uniq_crazy_yiuf_cottage
D:3:      layout_loops_corners, mainiacjoe_overflow_alcove_2,
          minmay_tree_intersection, uniq_grinder
D:4:      minmay_polygon_palace, layout_cave_pools,
          gammafunk_temple_overflow_forgotten,
          minmay_temple_entry_statues_pillars, minmay_hollow_rounded_squares
Temple:   regret_index_temple_sphere_string

Table legend: (Time is in decaauts)
 A = Elapsed time spent in this place.
 B = Non-inter-level travel time spent in this place.
 C = Inter-level travel time spent in this place.
 D = Time resting spent in this place.
 E = Time spent auto-exploring this place.
 F = Levels seen in this place.
 G = Mean time per level.
                   A        B        C        D        E       F      G
               +--------+--------+--------+--------+--------+-----+--------+
         Total |   2837 |   2651 |    186 |    218 |   1993 |   5 |  567.4 |
       Dungeon |   2748 |   2625 |    123 |    218 |   1993 |   4 |  687.0 |
        Temple |     89 |     26 |     63 |      0 |      0 |   1 |   89.0 |
               +--------+--------+--------+--------+--------+-----+--------+

Top non-repeatable levels by time:
     D:3: 1158 daAuts
     D:2: 772 daAuts
     D:1: 632 daAuts
     D:4: 184 daAuts
  Temple: 89 daAuts

Table legend:
 A = Kills in this place as a percentage of kills in the entire game.
 B = Kills by you in this place as a percentage of kills by you in the entire game.
 C = Kills by friends in this place as a percentage of kills by friends in the entire game.
 D = Other kills in this place as a percentage of other kills in the entire game.
 E = Experience gained in this place as a percentage of experience gained in the entire game.
 F = Experience gained in this place divided by the number of levels of this place that you have seen.
                   A       B       C       D       E      F
               +-------+-------+-------+-------+-------+----------------------
         Total | 100.0 | 100.0 |   N/A |   N/A | 100.0 | 113.4
       Dungeon | 100.0 | 100.0 |   N/A |   N/A | 100.0 | 141.8
               +-------+-------+-------+-------+-------+----------------------
